 Dungeon Crawl Stone Soup version 0.30.0 (webtiles) character file.

Game seed: 15332292898742866590

65 NinjaNoafa the Slasher (level 4, 0/23 (26) HPs)
             Began as a Tengu Reaver on May 6, 2023.
             Slain by an orc wizard
             ... wielding a +0 dagger
              (1 damage)
             ... on level 3 of the Dungeon.
             The game lasted 00:02:56 (1526 turns).

NinjaNoafa the Slasher (Tengu Reaver)               Turns: 1526, Time: 00:02:57

HP:   0/23 (26)     AC:  3    Str: 12    XL:     4   Next: 13%
MP:   8/8           EV: 11    Int: 22    God:
Gold: 101           SH:  0    Dex: 12    Spells: 6/7 levels left

rFire   . . .        a - +0 falchion
rCold   . . .        (no shield)
rNeg    . . .        b - +0 leather armour
rPois   +            (helmet restricted)
rElec   .            (no cloak)
rCorr   .            (no gloves)
SInv    .            (boots unavailable)
Will    .....        (no amulet)
Stlth   +            m - ring of poison resistance
HPRegen 0.23/turn    k - +6 ring of intelligence
MPRegen 0.11/turn

%: no passive effects
@: brilliant, attractive, heavily drained
A: beak, talons 3
a: no special abilities


You were on level 3 of the Dungeon.
You visited 1 branch of the dungeon, and saw 3 of its levels.

You collected 101 gold pieces.

Inventory:

Hand Weapons
 a - a +0 falchion (weapon)
Missiles
 c - 2 curare-tipped darts
 d - 6 javelins
Armour
 b - a +0 leather armour (worn)
Jewellery
 g - a ring of positive energy
 k - a +6 ring of intelligence (right hand)
 m - a ring of poison resistance (left hand)
Scrolls
 f - a scroll of poison {unknown}
 j - a scroll of vulnerability {unknown}
 l - a scroll of fear {unknown}
 o - a scroll of magic mapping {unknown}
Potions
 i - a potion of lignification {unknown}
 n - a potion of curing {unknown}
 p - a potion of mutation {unknown}
 q - a potion of might {unknown}
 r - a potion of flight {unknown}


   Skills:
 - Level 2.0 Fighting
 + Level 5.2 Long Blades
 - Level 2.1 Dodging
 - Level 2.0 Spellcasting
 - Level 4.1 Conjurations
 - Level 0.2 Necromancy


You had 6 spell levels left.
You knew the following spells:

 Your Spells              Type           Power      Damage    Failure   Level
a - Kiss of Death         Conj/Necr      68%        2d10      8%          1

Your spell library contained the following spells:

 Spells                   Type           Power      Damage    Failure   Level
 Magic Dart               Conj           100%       1d8       3%          1
 Searing Ray              Conj           60%        2d6       4%          2
 Momentum Strike          Conj/Tloc      32%        3d8       12%         2
 Hailstorm                Conj/Ice       16%        3d6       22%         3
 Fulminant Prism          Conj/Hex       8%         3d7       58%         4


Dungeon Overview and Level Annotations

Branches:
Dungeon (3/15) Zot: 16468

Altars:

Shops:
D:1 *


Innate Abilities, Weirdness & Mutations

You have a beak for a mouth.
You have claws for feet.


Message History

You see here a rat corpse.
You see here a +2 heavy hand axe.
An orc wizard comes into view. It is wielding a +0 dagger.
An orc wizard is nearby!
Okay, then.
A goblin comes into view. It is wielding a +0 dagger.
The goblin shouts!
You miss the orc wizard. The orc wizard casts a spell at you.
You are confused.
You hit the orc wizard but do no damage.
Your kick misses the orc wizard. Your peck misses the orc wizard.
The goblin hits you but does no damage.
The orc wizard hits you with a +0 dagger.
Unknown command.
Unknown command.
You slash the goblin!
You kill the goblin!
The orc wizard mumbles some strange words.
The orc wizard flickers and vanishes!
Deactivating autopickup; reactivate with Ctrl-A.
Something hits you.
You bump into the rock wall.
You hear some strange, mumbled words.
A puff of flame appears from out of thin air!
The puff of flame hits you!
Ouch! That really hurt!
* * * LOW HITPOINT WARNING * * *
Unknown command.
Okay, then.
You hit something. Something hits you.
* * * LOW HITPOINT WARNING * * *
It was a potion of attraction.
You feel attractive to monsters. Something hits you.
* * * LOW HITPOINT WARNING * * *
It was a potion of brilliance.
You feel clever all of a sudden.
You feel less confused. Something hits you.
You die...

#.##.#........#####..
#.##.###...##.# ###
#......#...##.#
#######.)###.######.#
.........# ...
######...###.##.#
#.....).# # #.###{###
#. #@# #. #.# #. #.#
#. #.# #.# #.# #.#
#.#


There were no monsters in sight!

Vanquished Creatures
  Terence (D:2)
  A dart slug (D:1)
  2 endoplasms
  A giant cockroach (D:2)
  5 goblins
  6 hobgoblins
  3 quokkas (D:1)
  5 ball pythons
  4 frilled lizards
  2 kobolds (D:1)
  5 rats
35 creatures vanquished.

Notes
Turn   | Place    | Note
-------+----------+-------------------------------------------
     0 | D:1      | NinjaNoafa the Tengu Reaver began the quest for the Orb.
     0 | D:1      | Reached XP level 1. HP: 12/12 MP: 4/4
     8 | D:1      | Noticed a lindwurm
     8 | D:1      | Noticed a killer bee
     8 | D:1      | Noticed a five-headed hydra
     9 | D:1      | Noticed a polar bear
     9 | D:1      | Noticed a hound
    97 | D:1      | Reached XP level 2. HP: 17/17 MP: 6/6
   241 | D:1      | Reached skill level 4 in Long Blades
   389 | D:1      | Found Batantea's Assorted Antiques.
   719 | D:1      | Reached XP level 3. HP: 21/21 MP: 7/7
  1092 | D:2      | Noticed Terence
  1319 | D:2      | Killed Terence
  1320 | D:2      | Reached skill level 5 in Long Blades
  1399 | D:3      | Reached XP level 4. HP: 22/22 MP: 8/8
  1525 | D:3      | HP: 1/23 [something (2)]
  1526 | D:3      | Slain by an orc wizard

Illustrated notes

Levels and vault maps discovered:
D:1:      onia_arrival_zoo_common, layout_basic, serial_shops, shop
D:2:      layout_basic, uniq_terence
D:3:      layout_loops_ring, kennysheep_potato

Skill      XL: |  1  2  3 |
---------------+----------+-----
Long Blades    | 4 5 |  5.2
Fighting       | |  2.0
Dodging        | |  2.1
Spellcasting   | |  2.0
Conjurations   | |  4.1
Necromancy     | |  0.2

Action                     |  1- 3 |  4- 6 || total
---------------------------+-------+-------++-------
  Melee: Falchion          |    54 |    15 ||    69
         Kick              |    10 |     2 ||    12
         Peck              |     6 |     1 ||     7
   Cast: Kiss of Death     |     2 |       ||     2
    Use: Potion            |       |     2 ||     2
 Armour: Leather armour    |     6 |     6 ||    12
  Dodge: Dodged            |    29 |     8 ||    37
